 Dungeon Crawl Stone Soup version 0.21.1-1-g345015f (webtiles) character file.

275 Mirai the Skirmisher (level 6, 0/55 HPs)
             Began as a Demonspawn Fighter on Apr 7, 2018.
             Succumbed to an orc wizard's poison
             ... on level 3 of the Dungeon.
             The game lasted 00:05:36 (1634 turns).

Mirai the Skirmisher (Demonspawn Fighter)           Turns: 1634, Time: 00:05:36

Health: 0/55       AC:  9    Str: 23    XL:     6   Next: 3%
Magic:  6/6        EV:  8    Int: 14    God:
Gold:   109        SH: 11    Dex: 13    Spells: 5/5 levels left

rFire    . . .     SeeInvis .   a - +0 war axe
rCold    . . .     Gourm    .   c - +0 shield
rNeg     . . .     Faith    .   b - +0 scale mail
rPois    .         Spirit   .   (helmet restricted)
rElec    .         Reflect  .   (no cloak)
rCorr    +         Harm     +   (no gloves)
MR       .....                  (no boots)
Stlth    ..........             p - amulet of harm
HPRegen  0.18/turn              (no ring)
MPRegen  0.10/turn              n - ring of resist corrosion

@: mighty, brilliant, lethally poisoned (0 -> -3), flying, hasted, very quick
A: horns 1, slimy green scales 1, spiny 1, rot immunity
a: no special abilities


You were on level 3 of the Dungeon.
You were not hungry.

You visited 1 branch of the dungeon, and saw 3 of its levels.

You collected 109 gold pieces.

Inventory:

Hand Weapons
 a - a +0 war axe (weapon)
Armour
 b - a +0 scale mail (worn)
 c - a +0 shield (worn)
Jewellery
 m - an uncursed ring of wizardry
 n - a ring of resist corrosion (right hand)
 p - an amulet of harm (around neck)
 r - an uncursed ring of fire
Scrolls
 e - a scroll of identify
 g - 3 scrolls of teleportation {unknown}
 k - a scroll of blinking {unknown}
 q - a scroll of noise {unknown}
 t - a scroll of amnesia
 u - a scroll of enchant armour {unknown}
Potions
 d - a potion of might
 h - a potion of haste
Comestibles
 f - 3 rations
 j - 4 chunks of flesh


   Skills:
 + Level 7.2 Fighting
 + Level 6.2 Axes
 + Level 6.5 Armour
 + Level 6.5 Shields


You had 5 spell levels left.
You didn't know any spells.

Dungeon Overview and Level Annotations

Branches:
Dungeon (3/15)

Altars:


Innate Abilities, Weirdness & Mutations

You have a pair of small horns on your head.
You are partially covered in slimy green scales. (AC +2)
You are partially covered in sharp spines.
You are immune to rotting.


Message History

Sharp spines emerge from parts of your body.
You feel yourself speed up.
* * * LOW HITPOINT WARNING * * *
You feel sick.
Found a flail.
* * * LOW HITPOINT WARNING * * *
You feel sick.
You see here a potion of haste.
h - a potion of haste
* * * LOW HITPOINT WARNING * * *
You feel sick.
Unknown command.
You feel very mighty all of a sudden.
As you read the scroll labeled FYTOMN ZEBLIR, it crumbles to dust.
It is a scroll of identify.
t - a scroll of amnesia
As you read the scroll labeled LISCHAG POMEBB, it crumbles to dust.
The air around you briefly surges with heat, but it dissipates.
It was a scroll of immolation.
You die...

..# ..# ###..##.
)....... ##....#
##########)..#.#
#.........))...#
#.########)..### #.#
######@#### #.#
#.........#
######.####.####.##.#
.............# #.# #
####.######..# #.#
#.# #.. #.# #>. #.#
##. #.#


There were no monsters in sight!

Vanquished Creatures
  An orc wizard (D:3)
  Robin (D:2)
  4 adders
  An ooze (D:2)
  A worm (D:2)
  3 dart slugs
  5 orcs (D:3)
  A giant cockroach (D:3)
  11 goblins
  10 hobgoblins
  A quokka (D:2)
  4 bats
  A kobold (D:2)
  5 rats
49 creatures vanquished.

Notes
Turn   | Place    | Note
-------+----------+-------------------------------------------
     0 | D:1      | Mirai the Demonspawn Fighter began the quest for the Orb.
     0 | D:1      | Reached XP level 1. HP: 18/18 MP: 1/1
   116 | D:1      | Gained mutation: You are partially covered in slimy green scales. (AC +2) [demonic ancestry]
   116 | D:1      | Reached XP level 2. HP: 6/24 MP: 2/2
   987 | D:2      | Gained mutation: You have a pair of small horns on your head. [demonic ancestry]
   987 | D:2      | Reached XP level 3. HP: 29/29 MP: 3/3
  1226 | D:2      | Noticed Robin
  1234 | D:2      | Killed Robin
  1234 | D:2      | Gained mutation: You are immune to rotting. [demonic ancestry]
  1234 | D:2      | Reached XP level 4. HP: 12/36 MP: 4/4
  1619 | D:3      | Reached XP level 5. HP: 13/42 MP: 5/5
  1625 | D:3      | HP: 2/42 [poisoned by an orc wizard]
  1626 | D:3      | Reached skill level 7 in Fighting
  1626 | D:3      | Gained mutation: You are partially covered in sharp spines. [demonic ancestry]
  1626 | D:3      | Reached XP level 6. HP: 3/55 MP: 6/6
  1631 | D:3      | HP: 1/55 [poisoned by an orc wizard]
  1634 | D:3      | Succumbed to an orc wizard's poison

Skill      XL: |  1  2  3  4  5 |
---------------+----------------+-----
Axes           | 2 6 |  6.2
Armour         | 3 6 |  6.5
Shields        | 3 6 |  6.5
Fighting       | 7 |  7.2

Action                   |  1- 3 |  4- 6 || total
-------------------------+-------+-------++-------
Melee: War axe           |    77 |    29 ||   106
       Headbutt          |     5 |     9 ||    14
  Use: Potion            |       |     5 ||     5
       Scroll            |       |     2 ||     2
  Eat: Chunk             |     1 |     1 ||     2
Armor: Scale mail        |    51 |    18 ||    69
Dodge: Dodged            |    33 |    10 ||    43
Block: Shield            |    45 |    20 ||    65
